 Dungeon Crawl Stone Soup version 0.27.0-1-g7a089689b8 (webtiles) character file.

Game seed: 17948252610438314584

1 Sobieck the Grasshopper (level 1, 0/16 HPs)
             Began as a Demonspawn Warper on Aug 9, 2021.
             Frozen to death by an endoplasm (4 damage)
             ... on level 1 of the Dungeon.
             The game lasted 00:00:20 (46 turns).

Sobieck the Grasshopper (Demonspawn Warper)           Turns: 46, Time: 00:00:21

Health: 0/16       AC:  3    Str: 11    XL:     1   Next: 16%
Magic:  3/3        EV: 11    Int: 14    God:
Gold:   3          SH:  0    Dex: 12    Spells: 4/4 levels left

rFire    . . .     SeeInvis .   a - +0 mace {mace}
rCold    . . .     Faith    .   (no shield)
rNeg     . . .     Spirit   .   b - +0 leather armour
rPois    .         Reflect  .   (no helmet)
rElec    .         Harm     .   (no cloak)
rCorr    .         Rampage  .   (no gloves)
Will     .....                  (no boots)
Stlth    +.........             (no amulet)
HPRegen  0.05/turn              (no ring)
MPRegen  0.08/turn              (no ring)

@: no status effects
A: no striking features
a: no special abilities


You were on level 1 of the Dungeon.
You visited 1 branch of the dungeon, and saw 1 of its levels.

You collected 3 gold pieces.


   Skills:
 - Level 2.0 Fighting
 + Level 1.8 Maces & Flails
 - Level 0.8 Throwing
 - Level 0.8 Armour
 - Level 1.7 Dodging
 - Level 2.0 Spellcasting
 * Level 2.7 Translocations


You had 4 spell levels left.
You didn't know any spells.
Your spell library contained the following spells:

 Spells                   Type           Power      Damage    Failure   Level
 Blink                    Tloc           N/A        N/A       16%         2
 Gell's Gravitas          Tloc           4%         N/A       30%         3
 Lesser Beckoning         Tloc           4%         N/A       30%         3
 Teleport Other           Tloc           9%         N/A       30%         3
 Manifold Assault         Tloc           9%         N/A       95%         5

Inventory:

Hand Weapons
 a - a +0 mace (weapon) {mace}
Missiles
 d - 5 boomerangs of dispersal (quivered) {=f!fthrowing}
 e - 19 stones {throwing}
Armour
 b - a +0 leather armour (worn)
Scrolls
 c - a scroll of blinking {!r}
 f - a scroll of identify {unknown}

Dungeon Overview and Level Annotations

Branches:
Dungeon (1/15)

Altars:

..# . #.# #.# .## ###
.#. #... ... ... ... ...
#... #.# #.# #.# ..#
.... #.# #.# #.# ...#
.#.####.####.###.##...#
.#..............J.....#
................@.....#
........#####..#.##...#
##.###########.b.# .#
............##..........
..⌠..........#...#......
......⌠......#..........
............##........#.
⌠...⌠...⌠..###.#.#.#..#
..........## ..#...#.##


You could see an endoplasm and a bat.


Message History

You add the spells Blink, Lesser Beckoning, Gell's Gravitas, Teleport Other and Manifold Assault to your library. 🤖 Initializing magus.rc ... ✅ Successfully initialized magus_sobieck.rc [v0.0.2] Welcome, Sobieck the Demonspawn Warper.
The bosom of this dungeon contains the legendary artefact, the Orb of Zot.
Press ? for a list of commands and other information.
Found 19 stones and 3 gold pieces.
Found an escape hatch in the floor.
Found a staircase leading out of the dungeon.
Unknown command.
e - 19 stones {throwing} You now have 3 gold pieces.
There is a dry fountain here.
f - a scroll labelled LEBEH KAONI Unknown command.
An endoplasm and a giant cockroach come into view.
Danger!
The endoplasm quivers.
You sock the giant cockroach!
You kill the giant cockroach!
A bat comes into view.
The endoplasm freezes you.
You are frozen.
You hit the endoplasm. The bat hits you but does no damage.
The endoplasm barely misses you.
You hit the endoplasm but do no damage. The bat hits you but does no damage.
The bat hits you. The endoplasm freezes you.
You are frozen.
The endoplasm hits you.
* * * LOW HITPOINT WARNING * * *
You are too injured to fight recklessly!
You are too injured to fight recklessly!
Unknown command.
You hit the endoplasm. The bat hits you.
* * * LOW HITPOINT WARNING * * *
The bat hits you but does no damage.
The endoplasm hits you but does no damage.
You hit the endoplasm. The bat hits you but does no damage.
The endoplasm hits you.
* * * LOW HITPOINT WARNING * * *
Unknown command.
You hit the endoplasm but do no damage. The bat hits you but does no damage. x2
The endoplasm closely misses you. The bat hits you but does no damage.
The endoplasm barely misses you.
Unknown command.
You hit the endoplasm but do no damage. The bat hits you but does no damage.
The endoplasm freezes you.
You are frozen.
You die...

Action                   || total
-------------------------++-------
Melee: Mace              ||     7
Armor: Leather armour    ||     9
Dodge: Dodged            ||     3

Levels and vault maps discovered:
D:1:      dpeg_arrival_lava_temple_mockup, layout_basic, minmay_close_crescents

Notes
Turn   | Place    | Note
-------+----------+-------------------------------------------
     0 | D:1      | Sobieck the Demonspawn Warper began the quest for the Orb.
     0 | D:1      | Reached XP level 1. HP: 16/16 MP: 3/3
    44 | D:1      | HP: 4/16 [endoplasm (3)]
    46 | D:1      | Frozen to death by an endoplasm

Vanquished Creatures
  A giant cockroach (D:1)
1 creature vanquished.

Table legend:
 A = Non-vault XP
 B = Vault XP
 C = Vault XP percentage of total XP
 D = Non-vault monster count
 E = Vault monster count
 F = Vault count percentage of total count
                 A         B        C        D         E       F
            +---------+---------+-------+---------+---------+-------
      Total |       2 |       0 |   0.0 |       1 |       0 |   0.0
            +---------+---------+-------+---------+---------+-------
        D:1 |       2 |       0 |   0.0 |       1 |       0 |   0.0
            +---------+---------+-------+---------+---------+-------

Illustrated notes

Table legend:
 A = Kills in this place as a percentage of kills in entire the game.
 B = Kills by you in this place as a percentage of kills by you in the entire game.
 C = Kills by friends in this place as a percentage of kills by friends in the entire game.
 D = Other kills in this place as a percentage of other kills in the entire game.
 E = Experience gained in this place as a percentage of experience gained in the entire game.
 F = Experience gained in this place divided by the number of levels of this place that you have seen.
                   A       B       C       D       E      F
               +-------+-------+-------+-------+-------+----------------------
         Total | 100.0 | 100.0 |   N/A |   N/A | 100.0 |   2.0
       Dungeon | 100.0 | 100.0 |   N/A |   N/A | 100.0 |   2.0
               +-------+-------+-------+-------+-------+----------------------

Table legend: (Time is in decaauts)
 A = Elapsed time spent in this place.
 B = Non-inter-level travel time spent in this place.
 C = Inter-level travel time spent in this place.
 D = Time resting spent in this place.
 E = Time spent auto-exploring this place.
 F = Levels seen in this place.
 G = Mean time per level.
                   A        B        C        D        E       F      G
               +--------+--------+--------+--------+--------+-----+--------+
         Total |     48 |     48 |      0 |      0 |     33 |   1 |   48.0 |
       Dungeon |     48 |     48 |      0 |      0 |     33 |   1 |   48.0 |
               +--------+--------+--------+--------+--------+-----+--------+

Top non-repeatable levels by time:
     D:1: 48 daAuts
